 Dungeon Crawl Stone Soup version 0.16.0 (webtiles) character file.

56 Fiveotanaka the Sneak (level 4, -5/33 HPs)
             Began as a Human Assassin on Mar 20, 2015.
             Slain by Grinder (12 damage)
             ... on level 3 of the Dungeon.
             The game lasted 00:13:03 (2018 turns).

Fiveotanaka the Sneak (Human Assassin)              Turns: 2018, Time: 00:13:03

Health: -5/33      AC:  6    Str: 11    XL:     4   Next: 15%
Magic:  4/4        EV: 11    Int: 11    God:
Gold:   57         SH:  0    Dex: 16    Spells: 0 memorised, 3 levels left

rFire  . . .     SeeInvis .     D - +0 flail
rCold  . . .     Clarity  .     t - -1 ring mail (curse)
rNeg   . . .     SustAb   .     (no shield)
rPois  .         Gourm    +     (no helmet)
rElec  .         Spirit   .     d - +0 cloak
rCorr  .         Warding  .     m - +0 pair of gloves
rMut   .         Stasis   .     (no boots)
MR     .....                    x - amulet of the gourmand
Stlth  +++.......               y - ring of stealth
                                s - ring of wizardry

@: not resistant to hostile enchantments, fairly stealthy
A: no striking features
a: no special abilities


You were on level 3 of the Dungeon.
You were very full.

You visited 1 branch of the dungeon, and saw 3 of its levels.

You collected 57 gold pieces.

Inventory:

Hand weapons
 a - a +2 dagger
 b - a +0 blowgun
 D - a +0 flail (weapon)
Missiles
 e - 29 poisoned needles
 f - 2 curare-tipped needles
 r - 90 stones (quivered)
Armour
 c - a +0 robe
 d - a +0 cloak (worn)
 m - a +0 pair of gloves (worn)
 t - a cursed -1 ring mail (worn)
Jewellery
 s - a ring of wizardry (left hand)
 x - an amulet of the gourmand (around neck)
 y - a ring of stealth (right hand)
 B - an uncursed amulet of faith {unknown}
Magical devices
 F - a wand of lightning (0)
Scrolls
 h - a scroll of teleportation
 n - a scroll of identify
 u - a scroll of amnesia
 v - a scroll of fear {unknown}
 w - a scroll of enchant weapon {unknown}
 E - 2 scrolls of remove curse {unknown}
Potions
 i - 3 potions of curing
 j - a potion of resistance {unknown}
 l - 2 potions of heal wounds {unknown}
 o - 2 potions of brilliance {unknown}
 p - a potion of restore abilities {unknown}
 q - 2 potions of magic {unknown}
 z - a potion of haste {unknown}
 C - 2 potions of might
Comestibles
 g - 2 bread rations
 k - a slice of pizza
 A - a beef jerky


   Skills:
 - Level 2.0 Fighting
 - Level 2.9 Short Blades
 * Level 0.8 Maces & Flails
 - Level 2.0 Throwing
 - Level 1.5 Armour
 - Level 2.0 Dodging
 - Level 4.0 Stealth


You had 3 spell levels left.
You didn't know any spells.

Dungeon Overview and Level Annotations

Branches:
Dungeon (3/15)

Altars:
Nemelex Xobeh
Ru
The Shining One

Annotations:
D:3 Grinder


Message History

The floor, spattered with blood.
Evoke which item? (* to show all) (? for menu, Esc to quit)
Zapping:
F - a wand of lightning (will waste charges)
Press: ? - help, Shift-Dir - straight line, f - Grinder
Aim: Grinder (moderately wounded, unusually strong)
You hear a mighty clap of thunder!
The bolt of lightning hits Grinder.
Grinder is severely wounded.
The bolt of lightning hits Grinder.
Grinder is almost dead.
Evoking this partially-identified wand wasted a few charges.
You hear a shout! x3
Evoke which item? (* to show all) (? for menu, Esc to quit)
Zapping:
F - a wand of lightning {zapped: 2} (will waste charges)
Press: ? - help, Shift-Dir - straight line, f/p - Grinder
Aim: Grinder (almost dead, unusually strong) Nothing appears to happen.
Grinder says, "There's only one good use for a tongue: cutting it out."
Grinder hits you!
You die...

#...#.##.##..#.#.#...
#...#.##.##..#.#.#..#
#...#.##.##..#.#.#..#
#...#.##.##..#.#.#.##
##+##.##.##..#.#.#)##
#.#..w..##..#.#.#.##
#.##........#.#.#.##
#.###.###.....#.#.##
#..@5.# #.#.#.#.#.#
####### #.#.#.#.#
###.#.# #.#.# #.#


You could see Grinder.

Vanquished Creatures
  An adder (D:2)
  A giant mite (D:2)
  3 giant geckos
  An ooze (D:1)
  5 orcs (D:3)
  10 bats
  2 giant cockroaches (D:1)
  2 hobgoblins (D:1)
  2 giant newts
  A goblin (D:1)
  3 kobolds
  2 rats (D:2)
33 creatures vanquished.

Notes
Turn   | Place    | Note
--------------------------------------------------------------
     0 | D:1      | Fiveotanaka, the Human Assassin, began the quest for the Orb.
     0 | D:1      | Reached XP level 1. HP: 16/16 MP: 1/1
   238 | D:1      | Found a sparkling altar of Nemelex Xobeh.
   285 | D:1      | Reached XP level 2. HP: 20/22 MP: 2/2
   844 | D:2      | Reached skill level 1 in Armour
   924 | D:2      | Reached XP level 3. HP: 27/27 MP: 3/3
  1242 | D:2      | Found a sacrificial altar of Ru.
  1721 | D:3      | Reached XP level 4. HP: 29/33 MP: 4/4
  1722 | D:3      | Found a glowing golden altar of the Shining One.
  1991 | D:3      | Noticed Grinder
  2018 | D:3      | Slain by Grinder

Action                   |  1- 3 |  4- 6 || total
-------------------------+-------+-------++-------
Melee: Dagger            |    36 |       ||    36
       Flail             |     2 |    16 ||    18
 Fire: Blowgun           |    26 |       ||    26
Evoke: Wand              |       |     1 ||     1
  Use: Scroll            |       |     3 ||     3
 Stab: Sleeping          |    12 |     1 ||    13
  Eat: Chunk             |     5 |     6 ||    11
